 Dungeon Crawl Stone Soup version 0.28.0-45-g0d030f2227 (webtiles) character file.

Game seed: 16927244648841374972

113 pkoi the Shooter (level 4, -6/36 HPs)
             Began as a Demigod Hunter on Apr 19, 2022.
             Killed by divine providence
             ... invoked by an orc priest
              (15 damage)
             ... on level 3 of the Dungeon.
             The game lasted 00:02:56 (3193 turns).

pkoi the Shooter (Demigod Hunter)                   Turns: 3193, Time: 00:02:57

Health: -6/36      AC:  6    Str: 13    XL:     4   Next: 39%
Magic:  6/6        EV: 11    Int: 13    God:
Gold:   94         SH:  0    Dex: 18    Spells: 3/3 levels left

rFire   . . .      SeeInvis .   b - +0 short sword
rCold   . . .      Faith    .   (no shield)
rNeg    . . .      Spirit   .   f - +0 ring mail
rPois   .          Reflect  .   e - +1 hat
rElec   .          Harm     .   (no cloak)
rCorr   .          Rampage  .   (no gloves)
Will    .....                   (no boots)
Stlth   +.........              (no amulet)
HPRegen 0.12/turn               (no ring)
MPRegen 0.10/turn               (no ring)

@: no status effects
A: high MP 1, forlorn, divine attributes
a: no special abilities


You were on level 3 of the Dungeon.
You visited 1 branch of the dungeon, and saw 3 of its levels.

You collected 94 gold pieces.

Inventory:

Hand Weapons
 a - a +1 shortbow
 b - a +0 short sword (weapon)
Missiles
 d - 35 arrows
 m - 2 throwing nets (quivered)
 n - 6 poisoned darts
Armour
 c - a +0 leather armour
 e - a +1 hat (worn)
 f - a +0 ring mail (worn)
Jewellery
 h - a ring of fire
Potions
 g - a potion of resistance {unknown}
 j - 2 potions of attraction {unknown}
 k - a potion of haste {unknown}
 l - a potion of curing {unknown}


   Skills:
 - Level 1.7 Fighting
 + Level 5.5 Bows
 - Level 1.7 Dodging
 - Level 0.8 Stealth


You had 3 spell levels left.
You didn't know any spells.
Your spell library contained the following spells:

 Spells                   Type           Power      Damage    Failure   Level
 Confusing Touch          Hex            0%         N/A       90%         3
 Yara's Violent Unravell  Hex/Tmut       0%         3d3       100%        5
 Enfeeble                 Hex            0%         N/A       100%        7


Dungeon Overview and Level Annotations

Branches:
Dungeon (3/15)


Innate Abilities, Weirdness & Mutations

You have an increased reservoir of magic. (+10% MP)
You shall have no god before yourself.
Your divine heritage dramatically boosts your attributes as you level up.


Message History

No target in view!
No target in view!
A quokka comes into view.
A quokka is nearby!
An orc wizard comes into view. It is wielding a +0 dagger.
The orc wizard shouts!
An orc comes into view. It is wielding a +0 short sword.
A worm comes into view.
Found a leather armour.
An orc priest comes into view. It is wielding a +0 hand axe.
An orc priest comes into view. It is wielding a +0 hand axe.
The orc shouts!
The orc priest shouts! x2
The quokka barely misses you.
You hit the quokka.
The quokka is moderately wounded.
The quokka closely misses you.
An endoplasm comes into view.
The quokka bites you but does no damage.
The orc wizard hits you but does no damage.
You miss the quokka.
The quokka is moderately wounded.
The endoplasm quivers.
The quokka bites you.
The orc priest invokes the aid of Beogh against you.
Beogh smites you!
* * * LOW HITPOINT WARNING * * *
The orc wizard hits you with a +0 dagger.
* * * LOW HITPOINT WARNING * * *
The quokka closely misses you.
The orc priest looks satisfied for a moment.
The orc wizard mumbles some strange words.
The orc wizard flickers and vanishes!
Deactivating autopickup; reactivate with Ctrl-A.
The orc priest mumbles some strange prayers to Beogh against you.
Beogh smites you!
* * * LOW HITPOINT WARNING * * *
The quokka bites you but does no damage.
The orc priest calls down the wrath of Beogh upon you.
Beogh smites you!
You die...

#.# #.# #.# #.#. .. #.# #)# #..#
#.# #.# #.# #..###.# #.# #.#
......# #.# #.######.#....# #.#
#.#.)...# #...# #.# #.......#
##..#####.############
###.#...###...r@...........<....
#.##...#.##.####.#.##.########
#.###......o# #......#
#.###.......# #.#.##.#
#.......oJ..# #.#.##.##
######...#### #.......#
#...#########.#.#.####
#.w.............#....####
#.oJ#####..#..#.###......


You could see an orc priest and a quokka.

Vanquished Creatures
  An adder (D:2)
  6 gnolls (D:2)
  4 orcs (D:3)
  3 endoplasms
  6 goblins
  A hobgoblin (D:1)
  2 jackals (D:1)
  2 kobolds
  3 quokkas
  5 ball pythons
  4 bats
  3 frilled lizards
  2 rats (D:1)
42 creatures vanquished.

Notes
Turn   | Place    | Note
-------+----------+-------------------------------------------
     0 | D:1      | pkoi the Demigod Hunter began the quest for the Orb.
     0 | D:1      | Reached XP level 1. HP: 17/17 MP: 3/3
   377 | D:1      | Reached skill level 4 in Bows
   466 | D:1      | Reached XP level 2. HP: 24/24 MP: 4/4
  1948 | D:2      | Reached XP level 3. HP: 16/29 MP: 5/5
  1956 | D:2      | Reached skill level 5 in Bows
  2248 | D:2      | Reached XP level 4. HP: 8/36 MP: 6/6
  2250 | D:2      | HP: 1/36 [gnoll/+0 whip (2)]
  3193 | D:3      | Killed from afar by an orc priest

Illustrated notes

Levels and vault maps discovered:
D:1:      lightli_arrival_farm, layout_loops_ring, basic_ecumenical_altar
D:2:      layout_basic, basic_altar, grunt_ministairs_7, minmay_misc_feat_five,
          kennysheep_flooded_box
D:3:      layout_loops_cross, elyvilon_altar_4, hangedman_abyss_or_decor_stabs

Skill      XL: |  1  2  3 |
---------------+----------+-----
Bows           | 4 5 |  5.5
Fighting       | |  1.7
Dodging        | |  1.7
Stealth        | |  0.8

Action                   |  1- 3 |  4- 6 || total
-------------------------+-------+-------++-------
Melee: Short sword       |   106 |    41 ||   147
       Punch             |     2 |     2 ||     4
 Fire: Shortbow          |    34 |     6 ||    40
  Use: Scroll            |     3 |       ||     3
 Stab: Sleeping          |       |     1 ||     1
Armor: Ring mail         |    58 |    16 ||    74
       Leather armour    |     1 |       ||     1
Dodge: Dodged            |    74 |    24 ||    98
